 Dungeon Crawl Stone Soup version 0.30-a0-862-g1aabd4f9c5 (webtiles) character file.

Game seed: 5630048338151200089

67 Pimp the Insei (level 4, -1/28 HPs)
             Began as an Octopode Transmuter on Mar 9, 2023.
             Slain by a river rat (8 damage)
             ... in a sewer.
             The game lasted 00:01:52 (1148 turns).

Pimp the Insei (Octopode Transmuter)                Turns: 1148, Time: 00:01:52

Health: -1/28      AC:  1    Str:  9    XL:     4   Next: 16%
Magic:  7/7        EV: 13    Int: 15    God:
Gold:   29         SH:  0    Dex: 14    Spells: 6/7 levels left

rFire   . . .      SeeInvis .      - Unarmed
rCold   . . .      Faith    .    (no shield)
rNeg    . . .      Spirit   .    (helmet restricted)
rPois   .          Reflect  .    (no amulet)
rElec   .          Rampage  .    (no ring)
rCorr   .                        (no ring)
Will    .....                    (no ring)
Stlth   +++                      (no ring)
HPRegen 0.24/turn                (no ring)
MPRegen 0.10/turn                (no ring)
                                 (no ring)
                                 (no ring)

@: no status effects
A: almost no armour, amphibious, 8 rings, camouflage 1, gelatinous body 1,
(nimble swimmer 1), tentacles
a: no special abilities


You were in a sewer.
You visited 1 branch of the dungeon, and saw 3 of its levels.
You also visited: Sewer.

You collected 29 gold pieces.

Inventory:

Missiles
 e - 4 poisoned darts
Scrolls
 c - 2 scrolls of teleportation {unknown}
 d - a scroll of fear {unknown}
 f - a scroll of blinking {unknown}
 g - a scroll of identify {unknown}
 i - a scroll of vulnerability {unknown}
Potions
 a - 2 potions of lignification
 b - 2 potions of invisibility {unknown}
 h - a potion of degeneration {unknown}


   Skills:
 + Level 1.6 Fighting
 + Level 2.3 Dodging
 + Level 1.7 Stealth
 * Level 3.7 Unarmed Combat
 + Level 2.3 Spellcasting
 + Level 2.4 Transmutations


You had 6 spell levels left.
You knew the following spells:

 Your Spells              Type           Power      Damage    Failure   Level
a - Beastly Appendage     Tmut           16%        N/A       9%          1

Your spell library contained the following spells:

 Spells                   Type           Power      Damage    Failure   Level
 Wereblood                Tmut           8%         N/A       12%         2
 Cigotuvi's Dreadful Rot  Necr/Pois/Air  2%         N/A       32%         2
 Spider Form              Tmut/Pois      5%         N/A       36%         3
 Ice Form                 Ice/Tmut       5%         N/A       78%         4
 Dispel Undead            Necr           1%         3d6       91%         4
 Death Channel            Necr           0%         N/A       100%        6


Dungeon Overview and Level Annotations

Branches:
Dungeon (2/15)              Sewer (1/1)

Altars:


Innate Abilities, Weirdness & Mutations

You cannot wear most types of armour.
You are amphibious.
You can wear up to eight rings at the same time.
Your skin changes colour to match your surroundings (Stealth+).
Your rubbery body absorbs attacks. (AC +1, EV +1)
((You are camouflaged when in or above water. (Stealth+)))
You have tentacles for arms and can constrict up to eight enemies at once.


Message History

You grab the rat. You constrict the rat. The rat bites you.
You barely miss the rat.
The rat is moderately wounded.
You constrict the rat.
A rat is nearby!
You tentacle-slap the rat.
You kill the rat!
You have reached level 4!
You see here a rat corpse.
You see here a rat corpse.
A rat comes into view.
The helpless rat fails to defend itself.
You tentacle-slap the rat.
You kill the rat!
A river rat comes into view.
A river rat is nearby!
A river rat comes into view.
Found a scroll labelled UDIEFITOIF.
The river rat bites you.
You closely miss the river rat. You grab the river rat.
You constrict the river rat, but do no damage.
The river rat bites you! x2
You tentacle-slap the river rat.
The river rat is moderately wounded.
You constrict the river rat, but do no damage.
The river rat misses you. The river rat barely misses you.
You tentacle-slap the river rat. You squeeze the river rat.
You kill the river rat!
The river rat bites you.
* * * LOW HITPOINT WARNING * * *
A river rat is nearby!
A river rat is nearby!
You tentacle-slap the river rat. Your grab misses the river rat.
The river rat is lightly wounded.
The river rat closely misses you.
You tentacle-slap the river rat but do no damage.
You grab the river rat.
The river rat is lightly wounded.
You constrict the river rat, but do no damage.
The river rat bites you!
You die...

## ?~ ~ #~ ## #.##. ###.†#
#.##r# ##.@#.# ###
#.########.# ##....#.#.##
#####.#†#.## #.#####†#
#############~#############
≈≈≈≈#≈~..~.~~...~†~~~~~~~~~
≈≈≈≈#≈~(.~~~~~~..†~~~~~~~~~
###########################


You could see a river rat.

Vanquished Creatures
  4 river rats (Sewer)
  A dart slug (D:1)
  4 ball pythons (Sewer)
  2 bats
  2 endoplasms
  2 goblins (D:1)
  2 hobgoblins (D:1)
  3 jackals (D:1)
  A quokka (D:1)
  2 frilled lizards (Sewer)
  2 kobolds (D:1)
  6 rats
31 creatures vanquished.

Notes
Turn   | Place    | Note
-------+----------+-------------------------------------------
     0 | D:1      | Pimp the Octopode Transmuter began the quest for the Orb.
     0 | D:1      | Reached XP level 1. HP: 13/13 MP: 3/3
   136 | D:1      | Reached XP level 2. HP: 17/18 MP: 5/5
   487 | D:1      | Reached skill level 1 in Stealth
   825 | D:2      | You fall into a shaft and drop 1 floor!
   836 | D:3      | Found a glowing drain.
   846 | Sewer    | Entered a sewer
   876 | Sewer    | Reached XP level 3. HP: 23/23 MP: 6/6
  1117 | Sewer    | Reached XP level 4. HP: 26/28 MP: 7/7
  1148 | Sewer    | Slain by a river rat

Illustrated notes

Levels and vault maps discovered:
D:1:      psy_arrival_dodecagon, layout_loops_ring
D:2:      layout_rooms
D:3:      layout_rooms, cheibrodos_sewer_entry_bend, uniq_grinder
Sewer:    sewer_co_cracked_pipes

Skill      XL: |  1  2 |
---------------+-------+-----
Stealth        | 1 |  1.7
Fighting       | |  1.6
Dodging        | |  2.3
Unarmed Combat | |  3.7
Spellcasting   | |  2.3
Transmutations | |  2.4

Action                     |  1- 3 |  4- 6 || total
---------------------------+-------+-------++-------
  Melee: Unarmed           |    69 |     6 ||    75
         Tentacles         |    13 |     1 ||    14
         Constrict         |    13 |     2 ||    15
         Punch             |     1 |       ||     1
   Cast: Beastly Appendage |     1 |       ||     1
   Stab: Sleeping          |     5 |     1 ||     6
 Armour: Skin              |     3 |       ||     3
  Dodge: Dodged            |    42 |     3 ||    45

Table legend: (Time is in decaauts)
 A = Elapsed time spent in this place.
 B = Non-inter-level travel time spent in this place.
 C = Inter-level travel time spent in this place.
 D = Time resting spent in this place.
 E = Time spent auto-exploring this place.
 F = Levels seen in this place.
 G = Mean time per level.
                   A        B        C        D        E       F      G
               +--------+--------+--------+--------+--------+-----+--------+
         Total |   1142 |   1043 |     99 |    115 |    702 |   4 |  285.5 |
       Dungeon |    843 |    744 |     99 |     19 |    599 |   3 |  281.0 |
         Sewer |    299 |    299 |      0 |     96 |    103 |   1 |  299.0 |
               +--------+--------+--------+--------+--------+-----+--------+

Top non-repeatable levels by time:
     D:1: 783 daAuts
   Sewer: 299 daAuts
     D:2: 38 daAuts
     D:3: 20 daAuts
